 Dungeon Crawl Stone Soup version 0.19.5 (webtiles) character file.

4592 Hook the Fighter (level 10, -6/124 HPs)
             Began as a Demonspawn Gladiator on Mar 19, 2017.
             Was a Believer of Makhleb.
             Mangled by a hill giant
             ... wielding a +0 giant spiked club
              (20 damage)
             ... on level 10 of the Dungeon.
             The game lasted 00:34:50 (8799 turns).

Hook the Fighter (Demonspawn Gladiator)             Turns: 8799, Time: 00:34:50

Health: -6/124     AC: 25    Str: 19    XL:     10   Next: 18%
Magic:  0/10       EV:  2    Int:  9    God:    Makhleb [**....]
Gold:   485        SH:  8    Dex: 17    Spells: 0 memorised, 9 levels left

rFire  . . .     SeeInvis .     a - +0 long sword
rCold  + . .     Gourm    .     (armour currently unavailable)
rNeg   + + +     Faith    .     u - +2 buckler
rPois  +         Spirit   +     (helmet currently unavailable)
rElec  .         Reflect  .     (cloak currently unavailable)
rCorr  .         Harm     .     (gloves currently unavailable)
MR     .....     NoTele   +     (boots currently unavailable)
Stlth  ++........               B - amulet of guardian spirit
                                v - +3 ring of dexterity
                                L - ring of protection from cold

@: tree-form
A: (molten scales 0), (spiny 0)
a: Minor Destruction, Renounce Religion


You were on level 10 of the Dungeon.
You worshipped Makhleb.
Makhleb was pleased with you.
You were not hungry.
You were a tree.
You visited 2 branches of the dungeon, and saw 11 of its levels.

You collected 485 gold pieces.

Inventory:

Hand Weapons
 a - a +0 long sword (weapon)
 C - a +0 blowgun
Missiles
 A - 172 stones (quivered)
 J - 36 poisoned needles
Armour
 b - a cursed +0 chain mail
 l - a +2 hat (melded)
 n - a +1 pair of boots (melded)
 u - a +2 buckler (worn)
 y - a +0 ring mail (melded)
Rods
 e - a +1 rod of ignition (9/9)
   (You found it on level 7 of the Dungeon)
 U - a +0 rod of inaccuracy (11/11)
   (You found it on level 8 of the Dungeon)
Jewellery
 o - a cursed amulet of inaccuracy {unknown}
 s - an uncursed amulet of guardian spirit
 v - a +3 ring of dexterity (right branch)
 w - a cursed ring of teleportation
 B - an amulet of guardian spirit (around neck)
 L - a ring of protection from cold (left branch)
 T - an uncursed ring of wizardry
 Z - a +4 ring of intelligence {unknown}
Wands
 d - a wand of iceblast (5/15)
 H - a wand of slowing (19/48)
 O - a wand of polymorph (8/24)
 S - a wand of digging (17/24)
 Y - a wand of lightning (9/15)
Scrolls
 k - a scroll of summoning {unknown}
 m - 5 scrolls of remove curse
 q - 4 scrolls of teleportation {unknown}
 r - a scroll of magic mapping
 E - 13 scrolls of identify
 Q - a scroll of immolation
 R - a scroll of fear
 X - a scroll of enchant weapon {unknown}
Potions
 g - 2 potions of curing {unknown}
 i - 2 potions of ambrosia {unknown}
 p - a potion of resistance {unknown}
 x - 3 potions of haste {unknown}
 F - 2 potions of agility {unknown}
 G - 3 potions of degeneration {unknown}
 I - a potion of cancellation {unknown}
 P - 2 potions of heal wounds {unknown}
Books
 j - a Young Poisoner's Handbook

   Spells                             Type                      Level
   a - Sting                          Conjuration/Poison           1
   b - Mephitic Cloud                 Conjuration/Poison/Air       3
   c - Olgreb's Toxic Radiance        Poison                       4
   d - Alistair's Intoxication        Transmutation/Poison         5
   e - Venom Bolt                     Conjuration/Poison           5
 M - a book of Air

   Spells                             Type                      Level
   a - Shock                          Conjuration/Air              1
   b - Swiftness                      Charms/Air                   2
   c - Repel Missiles                 Charms/Air                   2
   d - Static Discharge               Conjuration/Air              3
   e - Lightning Bolt                 Conjuration/Air              5
 V - a book of Debilitation

   Spells                             Type                      Level
   a - Corona                         Hexes                        1
   b - Slow                           Hexes                        2
   c - Gell's Gravitas                Hexes/Translocation          3
   d - Inner Flame                    Hexes/Fire                   3
   e - Cause Fear                     Hexes                        4
   f - Leda's Liquefaction            Hexes/Earth                  4
 W - a book of Battle

   Spells                             Type                      Level
   a - Infusion                       Charms                       1
   b - Shroud of Golubria             Charms/Translocation         2
   c - Song of Slaying                Charms                       2
   d - Spectral Weapon                Hexes/Charms                 3
   e - Regeneration                   Charms/Necromancy            3
Comestibles
 c - 12 chunks of flesh
 f - 10 bread rations
 h - 7 meat rations
 t - 5 fruits
 z - a beef jerky
 K - a slice of pizza
 N - a royal jelly


   Skills:
 + Level 9.1 Fighting
 * Level 7.5 Long Blades
 - Level 1.7 Throwing
 + Level 2.7 Armour
 + Level 6.7 Dodging
 - Level 5.0 Shields


You had 9 spell levels left.
You didn't know any spells.

Dungeon Overview and Level Annotations

Branches:
Dungeon (10/15)            Temple (1/1) D:6            Lair (0/6) D:10
    Orc (0/2) D:10

Altars:
Ashenzari
Cheibriados
Dithmenos
Elyvilon
Fedhas
Gozag
Hepliaklqana
Kikubaaqudgha
Makhleb
Nemelex Xobeh
Okawaru
Qazlal
Ru
Sif Muna
Trog
Uskayaw
Vehumet
Xom
Yredelemnul
Zin
The Shining One
Lugonu

Shops:
D:7 :


Innate Abilities, Weirdness & Mutations

((You are partially covered in molten scales. (AC +2)))
((You are mostly covered in sharp spines.))


Message History

The hill giant is severely wounded.
The hill giant hits you but does no damage.
You hit the hill giant.
The hill giant is severely wounded.
The hill giant hits you with a giant spiked club!
You slash the hill giant!
The hill giant is almost dead.
You hit the hill giant but do no damage.
The hill giant is almost dead.
The hill giant hits you with a giant spiked club!!
* * * LOW HITPOINT WARNING * * *
You hit the hill giant but do no damage.
The hill giant is almost dead.
You block the hill giant's attack.
You barely miss the hill giant.
The hill giant is almost dead.
You hit the hill giant.
The hill giant is almost dead.
The hill giant hits you with a giant spiked club!!
You die...

##.# #..# ###'## #..# ##'####
#..# #'## #.....# ##.# ...#
#.....# #.# ...# ###.....#
#####.## ...######.'.....#
#......#
...#......#.....########......###
...'.######.....##s..............
...### #.....♣Ca#####......###
...# #.....#### #......# ...#
#.....# #......# ...# #.....#
######## #### #######


You could see a hill giant, a scorpion and a worker ant.

Vanquished Creatures
  A two-headed ogre (D:9)
  A spriggan (D:7)
  A yak (D:10)
  A wyvern (D:8)
  2 hungry ghosts
  A steam dragon (D:9)
  The ghost of North the Insei, an amateur OpTm (D:3)
  Menkaure (D:6)
  A water moccasin (D:10)
  2 black bears
  A necrophage (D:7)
  A phantom (D:9)
  3 ice beasts
  A sky beast (D:8)
  2 centaurs
  2 ogres
  A big kobold (D:7)
  7 bullfrogs
  3 killer bees (D:9)
  2 howler monkeys
  2 vampire bats (D:7)
  A crimson imp (D:5)
  A quasit (D:10)
  7 orc priests
  2 bullfrog skeletons (D:5)
  4 hounds
  2 jellies (D:8)
  A centaur skeleton (D:4)
  Ijyb (D:4)
  5 iguanas
  5 orc wizards
  7 worker ants
  A hound skeleton (D:9)
  3 worker ant zombies
  4 gnolls
  2 howler monkey skeletons (D:5)
  13 adders
  A river rat (D:10)
  2 shadow imps
  An ooze (D:2)
  An adder skeleton (D:4)
  2 worms (D:2)
  2 dart slugs
  9 leopard geckos
  27 orcs
  A ball python (D:3)
  13 bats
  5 giant cockroaches
  8 goblins
  5 hobgoblins
  12 jackals
  6 quokkas
  4 frilled lizards
  13 kobolds
  A leopard gecko skeleton (D:3)
  A quokka skeleton (D:9)
  12 rats
222 creatures vanquished.

Vanquished Creatures (others)
  A giant cockroach (D:2)
  A rat (D:2)
  2 fungi (D:10)
4 creatures vanquished.

Grand Total: 226 creatures vanquished

Notes
Turn   | Place    | Note
-------+----------+-------------------------------------------
     0 | D:1      | Hook the Demonspawn Gladiator began the quest for the Orb.
     0 | D:1      | Reached XP level 1. HP: 16/16 MP: 1/1
   699 | D:2      | Gained mutation: You are partially covered in sharp spines. [demonic ancestry]
   699 | D:2      | Reached XP level 2. HP: 22/22 MP: 2/2
   775 | D:2      | Found a white marble altar of Elyvilon.
   926 | D:2      | Reached skill level 1 in Shields
   926 | D:2      | Reached XP level 3. HP: 13/27 MP: 3/3
  1840 | D:2      | Found a glowing silver altar of Zin.
  1917 | D:3      | Found a snail-covered altar of Cheibriados.
  1951 | D:3      | Noticed North's ghost (amateur OpTm)
  1963 | D:3      | Killed North's ghost
  1963 | D:3      | Reached skill level 3 in Fighting
  1963 | D:3      | Gained mutation: You are partially covered in molten scales. (AC +2) [demonic ancestry]
  1963 | D:3      | Reached XP level 4. HP: 24/35 MP: 4/4
  1963 | D:3      | Gained mutation: You are mostly covered in sharp spines. [demonic ancestry]
  1963 | D:3      | Reached XP level 5. HP: 28/41 MP: 5/5
  2774 | D:4      | Reached XP level 6. HP: 43/48 MP: 6/6
  2917 | D:4      | Noticed Ijyb
  2946 | D:4      | Killed Ijyb
  2946 | D:4      | Reached skill level 4 in Fighting
  3533 | D:5      | Entered Level 5 of the Dungeon
  3690 | D:5      | Reached XP level 7. HP: 51/55 MP: 7/7
  3735 | D:5      | Reached skill level 5 in Fighting
  4454 | D:5      | Found a deep blue altar of Sif Muna.
  4456 | D:5      | Found an ancient bone altar of Kikubaaqudgha.
  4456 | D:5      | Found a shattered altar of Ashenzari.
  4458 | D:5      | Found a burning altar of Makhleb.
  4459 | D:5      | Found a basalt altar of Yredelemnul.
  4466 | D:5      | Became a worshipper of Makhleb the Destroyer
  4817 | D:6      | Found a staircase to the Ecumenical Temple.
  4855 | D:6      | Noticed Menkaure
  4857 | Temple   | Entered the Ecumenical Temple
  4917 | D:6      | Killed Menkaure
  5173 | D:6      | Reached XP level 8. HP: 64/64 MP: 8/8
  5201 | D:6      | Reached skill level 6 in Fighting
  5272 | D:6      | Found a snail-covered altar of Cheibriados.
  5347 | D:6      | Found a bloodstained altar of Trog.
  5773 | D:7      | Reached * piety under Makhleb
  5776 | D:7      | Reached skill level 5 in Dodging
  5805 | D:7      | Reached skill level 5 in Long Blades
  5884 | D:7      | Found a sparkling altar of Nemelex Xobeh.
  5906 | D:7      | Reached skill level 7 in Fighting
  6020 | D:7      | Reached XP level 9. HP: 60/72 MP: 7/9
  6296 | D:7      | Found Qus Utwo's Book Shoppe.
  6344 | D:7      | Found a stormy altar of Qazlal.
  6344 | D:7      | Found a glowing golden altar of the Shining One.
  6391 | D:7      | Found an iron altar of Okawaru.
  6870 | D:8      | Reached skill level 8 in Fighting
  7016 | D:8      | Found a hazy altar of Hepliaklqana.
  7186 | D:8      | Reached skill level 5 in Shields
  7511 | D:9      | Reached skill level 1 in Armour
  7569 | D:9      | Reached ** piety under Makhleb
  8200 | D:9      | Reached XP level 10. HP: 82/82 MP: 10/10
  8419 | D:10     | Entered Level 10 of the Dungeon
  8478 | D:10     | Reached skill level 9 in Fighting
  8495 | D:10     | Found a staircase to the Lair.
  8620 | D:10     | Found a staircase to the Orcish Mines.
  8765 | D:10     | Noticed a hill giant
  8799 | D:10     | Mangled by a hill giant

Skill      XL: |  1  2  3  4  5  6  7  8  9 10 |
---------------+-------------------------------+-----
Long Blades    | 3 4 5 7 |  7.5
Dodging        | 3 4 5 6 |  6.7
Shields        | 1 2 3 4 5 |  5.0
Fighting       | 3 4 5 7 8 9 |  9.1
Armour         | 2 |  2.7
Throwing       | |  1.7

Action                   |  1- 3 |  4- 6 |  7- 9 | 10-12 || total
-------------------------+-------+-------+-------+-------++-------
Melee: Long sword        |    89 |   108 |   314 |    70 ||   581
 Fire: Blowgun           |       |    11 |       |       ||    11
Throw: Throwing net      |       |     4 |     5 |       ||     9
       Stone             |       |       |     5 |     1 ||     6
Invok: Minor Destruction |       |       |     2 |       ||     2
  Use: Scroll            |       |     4 |     8 |       ||    12
       Potion            |       |       |       |     1 ||     1
  Eat: Chunk             |     3 |     6 |     5 |     2 ||    16
       Royal jelly       |       |       |     2 |       ||     2
       Meat ration       |       |       |     1 |       ||     1
       Bread ration      |       |       |     1 |       ||     1
Armor: Leather armour    |    14 |       |       |       ||    14
       Ring mail         |    16 |    48 |    95 |    12 ||   171
       Skin              |       |       |       |     1 ||     1
Dodge: Dodged            |    36 |    57 |   171 |    23 ||   287
Block: Buckler           |    22 |    40 |   122 |    32 ||   216
       Rpst.: Long sword |     7 |    19 |    51 |     4 ||    81
